 Dungeon Crawl Stone Soup version 0.26.0-57-g60708a5e39 (webtiles) character file.

Game seed: 17005189183475370053

1047 Gadfly the Shield-Bearer (level 8, -4/61 HPs)
             Began as a Formicid Fighter on Feb 1, 2021.
             Engulfed by a fire crab (shapeshifter)'s flame (15 damage)
             ... on level 4 of the Dungeon.
             The game lasted 00:08:11 (6847 turns).

Gadfly the Shield-Bearer (Formicid Fighter)         Turns: 6847, Time: 00:08:12

Health: -4/61      AC:  8    Str: 22    XL:     8   Next: 50%
Magic:  11/11      EV:  8    Int:  9    God:
Gold:   78         SH: 10    Dex: 10    Spells: 7/7 levels left

rFire    . . .     SeeInvis +   b - +1 spear (chaos)
rCold    . . .     Faith    .   c - +0 kite shield
rNeg     . . .     Spirit   .   m - +0 scale mail
rPois    .         Reflect  .   (helmet unavailable)
rElec    .         Harm     .   (no cloak)
rCorr    .         Rampage  .   k - +0 pair of gloves
Will     .....                  (no boots)
Stlth    ..........             (no amulet)
HPRegen  0.20/turn              (no ring)
MPRegen  0.12/turn              (no ring)

@: mighty
A: permanent stasis, dig shafts and tunnels, four strong arms, antennae 3
a: Dig, Shaft Self


You were on level 4 of the Dungeon.
You visited 1 branch of the dungeon, and saw 4 of its levels.
You also visited: Sewer.

You collected 168 gold pieces.
You spent 90 gold pieces at shops.

Inventory:

Hand Weapons
 a - a +1 trident
 b - a +1 spear of chaos (weapon)
 i - a +2 hand axe of flaming
Armour
 c - a +0 kite shield (worn)
 k - a +0 pair of gloves (worn)
 m - a +0 scale mail (worn)
Scrolls
 h - 2 scrolls of fog
 n - a scroll of remove curse
Potions
 d - 2 potions of might
 e - 9 potions of curing
 f - a potion of lignification
 g - 2 potions of resistance
 j - a potion of mutation
 l - 2 potions of heal wounds


   Skills:
 + Level 4.6 Fighting
 * Level 4.8 Polearms
 + Level 4.7 Armour
 + Level 5.2 Shields
 * Level 5.0 Invocations
 * Level 4.4 Evocations


You had 7 spell levels left.
You didn't know any spells.
Your spell library was empty.

Dungeon Overview and Level Annotations

Branches:
Dungeon (4/15)              Sewer (visited)
 Temple: D:4-7

Altars:
Xom
Zin

Annotations:
D:4 1 runed translucent door, Gadfly's ghost, amateur HOMo


Innate Abilities, Weirdness & Mutations

You cannot be hasted, slowed, berserked, paralysed or teleported.
You can dig through walls and to a lower floor.
Your four strong arms can wield two-handed weapons with a shield.
You have a pair of large antennae on your head. (SInv)


Message History

The fire crab breathes flames at you. The blast of flame engulfs you.
The orc is engulfed in blazing flames.
The orc dies!
You hit the fire crab but do no damage.
The fire crab is lightly wounded.
You are engulfed in blazing flames.
The fire crab closely misses you. The fire crab claws you!
* * * LOW HITPOINT WARNING * * *
You are engulfed in flames!
* * * LOW HITPOINT WARNING * * *
Okay, then.
You feel much better.
You are engulfed in blazing flames.
* * * LOW HITPOINT WARNING * * *
The fire crab closely misses you. The fire crab misses you.
Okay, then.
Evoke which item? (* to show all) (? for menu, Esc to quit)
Okay, then.
You feel very mighty all of a sudden.
You are engulfed in blazing flames.
You die...

####.............#
#######...######.#
...[)...#.# #.#
#######...# #°#
≈≈#≈≈≈#...# #°#
#≈#≈#≈#≈..# #°#
#≈#≈#≈#≈..## #°#
≈≈≈≈#≈≈≈≈..#####°#
###≈#≈#≈......##@#
≈≈†≈#≈≈≈...##.##t#
#####≈#....##.##°#
≈≈≈≈#≈≈≈...##.##°#
#####≈≈....##.##°#
###...#....##.##°#
.).#..#.#####.##.#
...#.....####.##.#
...#.............#


You could see a fire crab shaped shifter.

Vanquished Creatures
  A phantom (D:4)
  3 big kobolds (Sewer)
  A bullfrog (D:4)
  2 hounds (D:4)
  4 orc wizards (D:4)
  Jessica (D:2)
  6 worker ants (D:4)
  A howler monkey skeleton (D:4)
  7 adders
  A gnoll (D:1)
  13 river rats
  An ooze (D:1)
  5 worms
  4 dart slugs
  3 leopard geckos
  18 orcs
  6 bats
  5 giant cockroaches
  7 goblins
  5 hobgoblins
  7 ball pythons (Sewer)
  A ball python skeleton (D:4)
  7 frilled lizards
  19 kobolds
  20 rats
148 creatures vanquished.

Vanquished Creatures (others)
  An orc (D:4)
1 creature vanquished.

Grand Total: 149 creatures vanquished

Notes
Turn   | Place    | Note
-------+----------+-------------------------------------------
     0 | D:1      | Gadfly the Formicid Fighter began the quest for the Orb.
     0 | D:1      | Reached XP level 1. HP: 18/18 MP: 1/1
    89 | D:1      | Reached XP level 2. HP: 20/24 MP: 2/2
    93 | D:1      | Reached skill level 1 in Invocations
   264 | D:1      | Reached skill level 1 in Evocations
   305 | D:1      | Reached XP level 3. HP: 29/29 MP: 3/3
   992 | D:2      | Noticed Jessica
  1000 | D:2      | Killed Jessica
  1001 | D:2      | Reached XP level 4. HP: 32/35 MP: 5/5
  1681 | D:2      | Found Zin's Purification Station.
  1684 | D:2      | Found a glowing silver altar of Zin.
  2185 | D:3      | Reached XP level 5. HP: 23/42 MP: 6/6
  3471 | D:2      | Bought a potion of curing for 90 gold pieces
  3879 | D:4      | Found a runed translucent door.
  3879 | D:4      | Noticed Gadfly's ghost (amateur HOMo)
  3896 | D:4      | Reached XP level 6. HP: 48/48 MP: 6/8
  4136 | D:4      | Reached XP level 7. HP: 26/54 MP: 9/9
  4233 | D:4      | Found a glowing drain.
  4240 | Sewer    | Entered a sewer
  5093 | Sewer    | Reached XP level 8. HP: 43/61 MP: 11/11
  5101 | Sewer    | Reached skill level 5 in Shields
  6412 | D:4      | Reached skill level 5 in Invocations
  6528 | D:4      | Found a shimmering altar of Xom.
  6841 | D:4      | Noticed a shapeshifter
  6841 | D:4      | an orc changed into a shapeshifter
  6841 | D:4      | Noticed a fire crab
  6841 | D:4      | a shapeshifter changed into a fire crab
  6847 | D:4      | Engulfed by a fire crab (shapeshifter)'s flame

Illustrated notes

Levels and vault maps discovered:
D:1:      arrival_zaba_pyramid, layout_rooms
D:2:      layout_rooms, zin_purify, minmay_misc_feat_tiny, minmay_hexomino_c4,
          uniq_jessica
D:3:      layout_loops_ring
D:4:      layout_loops_ring, lightli_sewer_entry_pipes,
          hellmonk_ghost_happy_afterlife, roderic_roman_lattice, tgw_xom

Skill      XL: |  1  2  3  4  5  6  7  8 |
---------------+-------------------------+-----
Invocations    | 1 2 3 4 5 |  5.0
Evocations     | 1 2 3 4 |  4.4
Shields        | 4 5 |  5.2
Polearms       | 3 4 |  4.8
Fighting       | 4 |  4.6
Armour         | 4 |  4.7

Action                   |  1- 3 |  4- 6 |  7- 9 || total
-------------------------+-------+-------+-------++-------
Melee: Trident           |    24 |   103 |   298 ||   425
       Mace              |    70 |   185 |       ||   255
       Spear             |       |       |    16 ||    16
 Abil: Dig               |       |     1 |    12 ||    13
  Use: Scroll            |     5 |     5 |     3 ||    13
       Potion            |       |       |     5 ||     5
Armor: Scale mail        |    37 |   111 |    90 ||   238
Dodge: Dodged            |    32 |   118 |    87 ||   237
Block: Kite shield       |    51 |   190 |   159 ||   400
